AoeStats
← Schwarzschild

Hideout

508230161Analyzed
1v1 RM · 12d ago on Sep 21, 2026· 38m 32s· 2 players
Game mode
Random Map
Map size
Tiny (2 player)
Population
200
Speed
Normal
Resources
Standard
Victory
Conquest
Starting age
Dark Age
Ending age
Imperial Age
RankedLock teamsTeams togetherTeam positionsShared explorationLock speedFull tech treeHidden civsTurbo modeCheats
Victory
Defeat
🇵🇪 Khitans · Peru
1554
+16
🇨🇴 Mongols · Colombia
1545
-16
Cristoram
9:34 Feudal Age
13:24 Castle Age
12:45 Double-Bit Axe
16:31 Bow Saw
17:00 Loom
17:28 Horse Collar
18:03 Loom
20:21 Pikeman
22:12 Scale Mail Armor
24:24 Forging
27:55 Light Cavalry
28:50 Scale Barding Armor
29:23 Husbandry
29:34 Bloodlines
38:43 Fletching
Schwarzschild
5:03 Loom
9:16 Feudal Age
9:45 Double-Bit Axe
10:34 Domestication
11:05 Town Watch
19:04 Castle Age
18:14 Scale Barding Armor
18:21 Forging
18:15 Gold Mining
19:14 Scale Barding Armor
19:50 Husbandry
20:37 Iron Casting
22:48 Chain Barding Armor
22:08 Light Cavalry
29:02 Wheelbarrow
29:04 Bow Saw
36:50 Fletching
Connection lost

Rejoining the realm…

Still unreachable

The connection could not be restored.

Session expired

The server has moved on; the page needs a fresh start.